 Dungeon Crawl Stone Soup version 0.29-a0-962-gc8bbfd0a37 (webtiles) character file.

Game seed: 11524083692853556209

242 freelancePsychic the Firebug (level 6, -5/47 HPs)
             Began as a Barachi Fire Elementalist on July 31, 2022.
             Slain by a gnoll
             ... wielding a +0 flail
              (9 damage)
             ... on level 3 of the Dungeon.
             The game lasted 00:07:17 (4476 turns).

freelancePsychic the Firebug (BaFE)                 Turns: 4476, Time: 00:07:17

Health: -5/47      AC:  3    Str:  7    XL:     6   Next: 9%
Magic:  3/19       EV:  6    Int: 21    God:
Gold:   129        SH:  0    Dex: 13    Spells: 8/11 levels left

rFire   + . .      SeeInvis .   v - +6 mace of Rubbish {vorpal, Str-2 Int+4}
rCold   + . .      Faith    .   (no shield)
rNeg    . . .      Spirit   .   p - +0 leather armour
rPois   .          Reflect  .   (no helmet)
rElec   .          Harm     .   g - scarf {rC+ rF+}
rCorr   .          Rampage  .   (no gloves)
Will    .....                   (no boots)
Stlth   ++........              (no amulet)
HPRegen 0.15/turn               r - ring of magical power
MPRegen 0.16/turn               (no ring)

@: held, slow
A: amphibious, slowness 1, strong legs 1, +LOS
a: Hop


You were on level 3 of the Dungeon.
You visited 1 branch of the dungeon, and saw 3 of its levels.

You collected 129 gold pieces.

Inventory:

Hand Weapons
 v - the +6 mace of Rubbish (weapon) {vorpal, Str-2 Int+4}
   (You found it on level 3 of the Dungeon)

   It inflicts extra damage upon your enemies.
   Str:       It affects your strength (-2).
   Int:       It affects your intelligence (+4).
Armour
 a - a +0 robe
 g - a scarf of resistance (worn)
 p - a +0 leather armour (worn)
Jewellery
 r - a ring of magical power (left hand)
 u - a +6 ring of dexterity
Scrolls
 b - 2 scrolls of teleportation {@r4}
 f - a scroll of enchant armour {unknown}
 h - a scroll of butterflies
 i - 2 scrolls of identify {unknown}
 m - a scroll of enchant weapon {unknown}
 n - a scroll of magic mapping {unknown}
 o - a scroll of silence {unknown}
Potions
 c - 5 potions of curing {unknown}
 d - 2 potions of heal wounds {unknown}
 e - a potion of degeneration {unknown}
 j - 3 potions of flight {unknown}
 k - a potion of might {unknown}
 l - a potion of invisibility {unknown}
 s - a potion of mutation {unknown}
 t - 3 potions of attraction {unknown}


   Skills:
 * Level 3.6 Fighting
 - Level 2.1 Dodging
 - Level 1.7 Stealth
 + Level 3.2 Spellcasting
 - Level 3.1 Conjurations
 * Level 4.8 Fire Magic


You had 8 spell levels left.
You knew the following spells:

 Your Spells              Type           Power      Damage    Failure   Level
a - Foxfire               Conj/Fire      80%        2x1d8     3%          1
b - Scorch                Fire           46%        2d7       4%          2

Your spell library contained the following spells:

 Spells                   Type           Power      Damage    Failure   Level
 Conjure Flame            Conj/Fire      20%        6-21      12%         3
 Inner Flame              Hex/Fire       13%        N/A       22%         3
 Stone Arrow              Conj/Erth      18%        3d8       30%         3
 Flame Wave               Conj/Fire      20%        2d7       36%         4
 Animate Armour           Summ/Erth      6%         N/A       89%         4
 Lehudib's Crystal Spear  Conj/Erth      4%         10d3      100%        8


Dungeon Overview and Level Annotations

Branches:
Dungeon (3/15)

Altars:
Trog


Innate Abilities, Weirdness & Mutations

You are amphibious.
You cover ground slowly.
You can hop short distances.
You have an extended range of vision and can be seen from far away.


Message History

Flames lash the kobold.
The kobold is moderately wounded.
The kobold's fire resistance burns away.
The hobgoblin hits you.
Casting: Scorch (safe; 4% risk of failure)
Confirm with . or Enter, or press ? or * to list all spells.
Flames lash the gnoll.
The gnoll is severely wounded.
The gnoll's fire resistance burns away.
The hobgoblin barely misses you. The gnoll barely misses you.
Casting: Scorch (safe; 4% risk of failure)
Confirm with . or Enter, or press ? or * to list all spells.
Flames lash the kobold.
You kill the kobold!
The gnoll hits you from afar with a +0 halberd!
The hobgoblin barely misses you. The gnoll hits you with a +0 flail.
Casting: Scorch (safe; 4% risk of failure)
Confirm with . or Enter, or press ? or * to list all spells.
Flames lash the hobgoblin.
The hobgoblin is heavily wounded.
The hobgoblin's fire resistance burns away.
The gnoll hits you from afar with a +0 halberd!
The hobgoblin hits you. The gnoll hits you with a +0 flail.
Casting: Scorch (safe; 4% risk of failure)
Confirm with . or Enter, or press ? or * to list all spells.
Flames lash the kobold.
You kill the kobold!
The gnoll is no longer more vulnerable to fire.
The gnoll barely misses you. The hobgoblin hits you.
The gnoll hits you with a +0 flail!
* * * LOW HITPOINT WARNING * * *
Casting: Scorch (safe; 4% risk of failure)
Confirm with . or Enter, or press ? or * to list all spells.
Flames lash the gnoll.
The gnoll is heavily wounded.
The gnoll's fire resistance burns away.
The gnoll barely misses you. The hobgoblin hits you.
* * * LOW HITPOINT WARNING * * *
The gnoll hits you with a +0 flail!
You die...

#≈≈≈≈≈≈≈≈≈≈≈≈≈≈≈≈≈≈≈≈≈≈≈≈≈≈≈
#≈≈≈≈≈≈≈≈≈≈≈≈≈≈≈≈≈≈≈≈≈≈≈≈≈≈≈
#≈≈≈≈≈≈≈#####≈≈≈≈≈≈≈≈≈≈≈≈≈≈≈
#≈≈≈≈≈≈≈#$$$################
#≈≈≈≈≈≈≈#$$$#......## ##....
#≈≈≈≈≈≈≈#$)$#.......###.....
#≈≈≈≈≈≈≈##g##........#......
##≈≈≈≈≈≈ #gg.........#......
#.@.........').)...
#.))........#......
##'##........#......
#...#.......###.....
#...#.)....## ##....
#...######## ##### #####


You could see 2 gnolls and a hobgoblin (combustible).

Vanquished Creatures
  An orc priest (D:3)
  An adder (D:2)
  8 gnolls
  A worm (D:2)
  6 dart slugs
  4 orcs (D:3)
  4 endoplasms
  4 giant cockroaches
  21 goblins
  24 hobgoblins
  2 jackals (D:3)
  9 kobolds
  4 ball pythons
  3 bats
  6 frilled lizards
  4 rats
102 creatures vanquished.

Vanquished Creatures (others)
  198 foxfires
198 creatures vanquished.

Grand Total: 300 creatures vanquished

Notes
Turn   | Place    | Note
-------+----------+-------------------------------------------
     0 | D:1      | freelancePsychic the Barachi Fire Elementalist began the
                  | quest for the Orb.
     0 | D:1      | Reached XP level 1. HP: 13/13 MP: 3/3
   128 | D:1      | Found a faded altar of an unknown god.
   392 | D:1      | Reached XP level 2. HP: 20/20 MP: 0/5
   651 | D:1      | Reached skill level 1 in Fighting
   724 | D:1      | Reached XP level 3. HP: 10/26 MP: 3/6
  1480 | D:2      | Reached XP level 4. HP: 32/33 MP: 0/7
  1848 | D:2      | Learned a level 2 spell: Scorch
  2339 | D:2      | Reached skill level 4 in Fire Magic
  3070 | D:3      | Reached XP level 5. HP: 34/39 MP: 9/9
  3813 | D:3      | Found a faded altar of an unknown god.
  3816 | D:3      | Found a bloodstained altar of Trog.
  3818 | D:3      | Identified the +6 mace of Rubbish {vorpal, Str-2 Int+4}
  4335 | D:3      | Reached XP level 6. HP: 33/47 MP: 9/10
  4476 | D:3      | Slain by a gnoll

Illustrated notes

Levels and vault maps discovered:
D:1:      co_arrival_random_square_maze, layout_basic, basic_ecumenical_altar
D:2:      layout_rooms, kennysheep_cross_bottleneck, grunt_decor_fettered,
          kennysheep_generic_room_15
D:3:      minmay_goblin_kobold_castle, layout_basic,
          nicolae_overflow_ecumenical_swirl, kennysheep_cross_room

Skill      XL: |  1  2  3  4  5 |
---------------+----------------+-----
Fighting       | 1 2 3 |  3.6
Conjurations   | 2 3 |  3.1
Fire Magic     | 4 |  4.8
Spellcasting   | 3 |  3.2
Dodging        | |  2.1
Stealth        | |  1.7

Action                   |  1- 3 |  4- 6 || total
-------------------------+-------+-------++-------
Melee: Unarmed           |    10 |    10 ||    20
       Punch             |     1 |       ||     1
       Club              |       |     2 ||     2
       Mace              |       |     2 ||     2
 Cast: Foxfire           |    53 |    56 ||   109
       Scorch            |       |    57 ||    57
 Abil: Hop               |     1 |     1 ||     2
  Use: Scroll            |     1 |     3 ||     4
       Potion            |     1 |       ||     1
 Stab: Sleeping          |       |     1 ||     1
Armor: Robe              |     4 |       ||     4
       Leather armour    |       |     7 ||     7
Dodge: Dodged            |    22 |    31 ||    53

Table legend: (Time is in decaauts)
 A = Elapsed time spent in this place.
 B = Non-inter-level travel time spent in this place.
 C = Inter-level travel time spent in this place.
 D = Time resting spent in this place.
 E = Time spent auto-exploring this place.
 F = Levels seen in this place.
 G = Mean time per level.
                   A        B        C        D        E       F      G
               +--------+--------+--------+--------+--------+-----+--------+
         Total |   4871 |   4733 |    138 |    105 |   3995 |   3 | 1623.7 |
       Dungeon |   4871 |   4733 |    138 |    105 |   3995 |   3 | 1623.7 |
               +--------+--------+--------+--------+--------+-----+--------+

Top non-repeatable levels by time:
     D:3: 2118 daAuts
     D:1: 1440 daAuts
     D:2: 1311 daAuts
